AoeStats
← Runxi24

Nomad

508504717Analyzed
3v3 RM · 9d ago on Sep 22, 2026· 30m 18s· 6 players
Game mode
Random Map
Map size
210×210
Population
200
Speed
Normal
Resources
Standard
Victory
Conquest
Starting age
Dark Age
Ending age
Imperial Age
RankedLock teamsTeams togetherTeam positionsShared explorationLock speedFull tech treeHidden civsTurbo modeCheats
Victory
Defeat
🇭🇺 Spanish · Hungary
1278
+13
🇭🇺 Japanese · Hungary
1275
+14
🇭🇺 Italians · Hungary
1254
+14
🇨🇳 Mongols · China
1226
-14
🇪🇸 Poles · Spain
1223
-14
🇷🇺 Jurchens · Russia
1211
-13
Unlucky
9:25 Loom
13:55 Feudal Age
15:45 Fishing Lines
18:24 Castle Age
17:24 Gold Mining
18:07 Double-Bit Axe
19:17 Gillnets
19:39 Scale Barding Armor
19:50 Forging
20:49 Chain Barding Armor
21:53 Bloodlines
21:44 Husbandry
21:34 Horse Collar
27:32 Town Watch
28:22 Wheelbarrow
pickmyself or end
5:14 Loom
13:48 Feudal Age
14:46 Double-Bit Axe
16:23 Town Watch
17:52 Stone Mining
20:05 Castle Age
18:07 Horse Collar
19:58 Gold Mining
21:22 Fletching
22:39 Wheelbarrow
24:15 Bodkin Arrow
27:52 Heavy Plow
28:06 Bow Saw
30:32 Hand Cart
Runxi24
14:11 Feudal Age
16:06 Double-Bit Axe
17:30 Horse Collar
23:49 Castle Age
23:49 Bloodlines
24:22 Forging
24:13 Loom
25:02 Bow Saw
24:54 Heavy Plow
26:18 Husbandry
29:57 Fletching
PZ|Perfect Destroyer
4:03 Loom
13:44 Feudal Age
18:28 Castle Age
18:11 Double-Bit Axe
18:19 Gold Mining
24:45 Imperial Age
23:59 Fletching
24:42 Padded Archer Armor
26:57 Chemistry
27:17 Squires
28:47 Ballistics
PZ|ReDw1nG
4:49 Loom
13:13 Feudal Age
18:10 Castle Age
16:28 Double-Bit Axe
18:33 Gold Mining
19:56 Padded Archer Armor
20:08 Bow Saw
21:03 Wheelbarrow
23:32 Hand Cart
25:16 Leather Archer Armor
26:43 Horse Collar
27:37 Heavy Plow
PZ|SlothKing
3:34 Loom
3:57 Loom
7:02 Loom
13:00 Feudal Age
14:17 Double-Bit Axe
23:35 Castle Age
26:47 Wheelbarrow
Connection lost

Rejoining the realm…

Still unreachable

The connection could not be restored.

Session expired

The server has moved on; the page needs a fresh start.